 Dungeon Crawl Stone Soup version 0.32-a0-172-gc5dd13f2a7 (webtiles) character file.

Game seed: 15872819301891497690

18 Newt the Shooter (level 2, -1/18 HPs)
             Began as a Kobold Hunter on Feb 12, 2024.
             Frozen to death by an endoplasm (4 damage)
             ... on level 1 of the Dungeon.
             The game lasted 00:00:20 (301 turns).

Newt the Shooter (Kobold Hunter)                     Turns: 301, Time: 00:00:21

Health: -1/18      AC:  4    Str:  8    XL:     2   Next: 90%
Magic:  2/2        EV: 14    Int: 10    God:
Gold:   14         SH:  0    Dex: 18    Spells: 1/1 levels left

rFire   . . .        a - +0 shortbow
rCold   . . .        (shield currently unavailable)
rNeg    . . .        c - +0 leather armour
rPois   .            e - +1 hat
rElec   .            (no cloak)
rCorr   .            (no gloves)
SInv    .            (no boots)
Will    .....        (no amulet)
Stlth   +++          (no ring)
HPRegen 0.23/turn    (no ring)
MPRegen 0.08/turn

%: no passive effects
@: no status effects
A: small, no large weapons, nightstalker 3
a: no special abilities


You were on level 1 of the Dungeon.
You visited 1 branch of the dungeon, and saw 1 of its levels.

You collected 14 gold pieces.

Inventory:

Hand Weapons
 a - a +0 shortbow (weapon)
Armour
 c - a +0 leather armour (worn)
 e - a +1 hat (worn)
Scrolls
 b - a scroll of butterflies
 d - a scroll of torment {unknown}
 f - a scroll of immolation
 g - a scroll of enchant weapon {unknown}


   Skills:
 + Level 2.6 Fighting
 * Level 6.0 Ranged Weapons
 - Level 2.4 Dodging
 - Level 1.3 Stealth


You had one spell level left.
You didn't know any spells.
Your spell library was empty.

Dungeon Overview and Level Annotations

Branches:
Dungeon (1/15)

Altars:


Innate Abilities, Weirdness & Mutations

You are small and have problems with some larger weapons.
You are completely attuned to the shadows.


Message History

The jackal misses you. The jackal bites you. The ball python bites you.
The ball python closely misses you. The jackal completely misses you.
You shoot an arrow.
The arrow hits the jackal but does no damage.
The jackal is almost dead.
The jackal bites you. The ball python bites you. The ball python grabs you.
The ball python constricts you. The jackal barely misses you. x2
You shoot an arrow. The arrow hits the ball python!
You kill the ball python!
The jackal completely misses you. The jackal closely misses you.
The jackal completely misses you.
You shoot an arrow. The arrow hits the jackal!
You kill the jackal!
The jackal misses you.
An endoplasm comes into view.
You shoot an arrow. The arrow closely misses the jackal.
The jackal closely misses you. x2
You shoot an arrow. The arrow hits the jackal!
You kill the jackal!
A jackal comes into view.
Your Ranged Weapons skill increases to level 6!
You shoot an arrow. The arrow hits the endoplasm.
The endoplasm is heavily wounded.
The endoplasm closely misses you.
You shoot an arrow. The arrow barely misses the endoplasm.
The arrow hits the jackal.
You kill the jackal!
The endoplasm freezes you.
You are frozen.
An endoplasm is nearby!
An endoplasm is nearby!
You are too injured to fight recklessly!
Unknown command.
You shoot an arrow. The arrow barely misses the endoplasm.
The endoplasm freezes you.
You are frozen.
* * * LOW HITPOINT WARNING * * *
The endoplasm freezes you.
You are frozen.
You die...

#.##. ..
#....
.(#####..#
##
....#....#
###.
#.......##
#†.
##..##...#
####J####
#...##...
#...@...#
#...##.##
#..†....#
###.#.##.##
........#
#...#..#...
........#
#.####.....
........#
#.# #####.
......###.#
#.
.........#
#.
.......####
#. ......##
#.


You could see an endoplasm.

Vanquished Creatures
  4 ball pythons (D:1)
  An endoplasm (D:1)
  A goblin (D:1)
  A hobgoblin (D:1)
  3 jackals (D:1)
  2 kobolds (D:1)
  3 bats (D:1)
  2 rats (D:1)
17 creatures vanquished.

Notes
Turn   | Place    | Note
-------+----------+-------------------------------------------
     0 | D:1      | Newt the Kobold Hunter began the quest for the Orb.
     0 | D:1      | Reached XP level 1. HP: 12/12 MP: 1/1
    74 | D:1      | Reached XP level 2. HP: 18/18 MP: 2/2
    84 | D:1      | Found a faded altar of an unknown god.
   299 | D:1      | Reached skill level 6 in Ranged Weapons
   301 | D:1      | Frozen to death by an endoplasm

Illustrated notes

Levels and vault maps discovered:
D:1:      wheals_arrival_shading, layout_rooms,
          hellmonk_ecumenical_altar_blasted, lemuel_flame_loot_1

Skill      XL: |  1  2 |
---------------+-------+-----
Ranged Weapons | 6 |  6.0
Fighting       | |  2.6
Dodging        | |  2.4
Stealth        | |  1.3

Action                     || total
---------------------------++-------
   Fire: Shortbow          ||    44
 Armour: Leather armour    ||    13
  Dodge: Dodged            ||    26

Table legend: (Time is in decaauts)
 A = Elapsed time spent in this place.
 B = Non-inter-level travel time spent in this place.
 C = Inter-level travel time spent in this place.
 D = Time resting spent in this place.
 E = Time spent auto-exploring this place.
 F = Levels seen in this place.
 G = Mean time per level.
                   A        B        C        D        E       F      G
               +--------+--------+--------+--------+--------+-----+--------+
         Total |    307 |    307 |      0 |      0 |    228 |   1 |  307.0 |
       Dungeon |    307 |    307 |      0 |      0 |    228 |   1 |  307.0 |
               +--------+--------+--------+--------+--------+-----+--------+

Top non-repeatable levels by time:
     D:1: 307 daAuts
